 Dungeon Crawl Stone Soup version 0.20.0-8-g6b59dc7 (webtiles) character file.

40903 Morrissey the Severer (level 13, -3/124 HPs)
             Began as a Minotaur Fighter on June 1, 2017.
             Was a High Priest of Trog.
             Slain by a spiny frog (10 damage)
             ... on level 6 of the Lair of Beasts.
             The game lasted 00:30:46 (13780 turns).

Morrissey the Severer (Minotaur Fighter)           Turns: 13780, Time: 00:30:47

Health: -3/124     AC: 30    Str: 22    XL:     13   Next: 77%
Magic:  12/12      EV:  7    Int:  5    God:    Trog [*****.]
Gold:   766        SH:  0    Dex: 14    Spells: 12/12 levels left

rFire    . . .     SeeInvis .   a - +1 battleaxe (protect)
rCold    + . .     Gourm    .   (shield currently unavailable)
rNeg     . . .     Faith    .   L - +1 plate armour {rF+}
rPois    .         Spirit   .   c - +2 hat
rElec    .         Reflect  .   (no cloak)
rCorr    .         Harm     .   N - +0 pair of gloves
MR       +++..                  Z - +1 pair of boots
Stlth    ..........             I - amulet of regeneration
Regen    1.7/turn               g - ring of protection from magic
MPRegen  0.2/turn               P - ring of ice

@: lethally poisoned (-3 -> -3), protection aura, regenerating, slowed, very
slow
A: retaliatory headbutt, horns 2
a: Berserk, Trog's Hand, Brothers in Arms, Burn Spellbooks, Renounce Religion


You were on level 6 of the Lair of Beasts.
You worshipped Trog.
Trog was extremely pleased with you.
You were near starving.

You visited 3 branches of the dungeon, and saw 16 of its levels.
You visited the Abyss 1 time.
You also visited: Ossuary and Volcano.

You collected 996 gold pieces.
You spent 230 gold pieces at shops.

Inventory:

Hand Weapons
 a - a +1 battleaxe of protection (weapon)
Armour
 c - a +2 hat (worn)
 L - a +1 plate armour of fire resistance (worn)
 N - a +0 pair of gloves (worn)
 Z - a +1 pair of boots (worn)
Jewellery
 b - an uncursed ring of protection from fire
 g - a ring of protection from magic (left hand)
 j - an uncursed amulet of harm {unknown}
 D - an uncursed ring of flight
 I - an amulet of regeneration (around neck)
 P - a ring of ice (right hand)
 U - a +2 ring of dexterity
 W - an uncursed ring of protection from fire
Wands
 k - a wand of confusion (34/48)
 o - a wand of lightning (1/15)
 x - a wand of iceblast (5/15)
 y - a wand of acid (13/15)
 z - a wand of iceblast (1/15)
 E - a wand of acid (8/15)
 K - a wand of iceblast (4/15)
 O - a wand of clouds (7/9)
 R - a wand of lightning (11/15)
 V - a wand of paralysis (14/24)
Scrolls
 h - 3 scrolls of enchant weapon
 i - a scroll of identify
 u - 7 scrolls of remove curse
 B - 5 scrolls of enchant armour
 F - 3 scrolls of teleportation
 G - 3 scrolls of immolation
 J - a scroll of holy word {unknown}
 M - 2 scrolls of fear
 S - 4 scrolls of amnesia
 T - 2 scrolls of vulnerability
Potions
 d - 2 potions of might
 e - 3 potions of flight {unknown}
 l - 4 potions of berserk rage
 m - 2 potions of brilliance {unknown}
 p - 3 potions of ambrosia {unknown}
 r - 9 potions of curing
 s - 6 potions of mutation {unknown}
 t - 4 potions of resistance {unknown}
 v - a potion of heal wounds
 w - 6 potions of haste
 A - a potion of invisibility {unknown}
 Q - 4 potions of agility
 X - 3 potions of lignification {unknown}
Books
 Y - a book of Summonings

   Spells                             Type                      Level
   a - Recall                         Summoning/Translocation      3
   b - Aura of Abjuration             Summoning                    5
   c - Summon Demon                   Summoning                    5
   d - Summon Forest                  Summoning/Translocation      5
   e - Summon Mana Viper              Hexes/Summoning              5
   f - Shadow Creatures               Summoning                    6
   Trog disapproves of the use of such an item.
Miscellaneous
 H - a lamp of fire
Comestibles
 f - 9 bread rations
 n - 7 meat rations
 q - 6 royal jellies
 C - 19 fruits


   Skills:
 + Level 14.1 Fighting
 * Level 18.9 Axes
 + Level 14.5 Armour
   Level 3.6 Shields


You had 12 spell levels left.
You didn't know any spells.

Dungeon Overview and Level Annotations

Branches:
Dungeon (9/15)             Temple (1/1) D:4            Lair (6/6) D:9
 Shoals (0/4) Lair:2       Spider (0/4) Lair:3        Slime (0/5) Lair:5
    Orc: D:9-12

Altars:
Ashenzari
Cheibriados
Dithmenos
Elyvilon
Fedhas
Gozag
Hepliaklqana
Kikubaaqudgha
Makhleb
Nemelex Xobeh
Okawaru
Qazlal
Ru
Sif Muna
Trog
Uskayaw
Vehumet
Xom
Yredelemnul
Zin
The Shining One
Jiyva

Shops:
D:4 !   D:7 :

Annotations:
Lair:1 exclusion: 3 oklob plants


Innate Abilities, Weirdness & Mutations

You reflexively headbutt those who attack you in melee.
You have a pair of horns on your head.


Message History

You barely miss the spiny frog. The wraith barely misses your ogre.
Your ogre barely misses the wraith.
The spiny frog stings your ogre!
The spiny frog stings you but does no damage.
You hit the spiny frog. Your headbutt misses the spiny frog.
The spiny frog is lightly wounded.
You feel sick. The wraith barely misses your ogre.
The spiny frog stings your ogre!
Your ogre dies!
Your ogre's corpse disappears in a puff of smoke!
The spiny frog stings you!
* * * LOW HITPOINT WARNING * * *
You are more poisoned.
The spiny frog poisons you!
Your ogre goes berserk!
You feel quite a bit more hungry.
You are near starving!
You feel very sick.
The spiny frog stings you but does no damage. x2
The spiny frog stings you!
You die...

≈.≈≈≈.≈.≈≈ .##
##≈≈≈≈...≈≈≈ ....
#≈≈≈≈≈≈≈≈≈≈≈ #.?#
.≈≈≈≈≈≈≈≈≈≈
#...##.≈≈≈≈≈≈≈≈≈
##..#..≈.≈≈≈≈≈≈..
#.P...)#≈.≈..≈..
.....WFF....#
...P..#@..P##
...#........# .
#.O.....##
.P.......P# ###
......####..##
..## ..P..#
#.....# P..#
....# #.##..#
...## ....
####..### ....###
#.#...#


You could see 2 spiny frogs, a wraith and a friendly ogre (berserk).

Vanquished Creatures
  2 entropy weavers (Lair:4)
  Josephine (Lair:6)
  A hydra (Lair:3)
  A dancing weapon (Volcano)
  Erica (Lair:1)
  A queen ant (Lair:4)
  3 death yaks (Lair:3)
  5 wizards (Volcano)
  Pikel (D:8)
  2 starcursed masses (Abyss:2)
  A wolf spider (Lair:6)
  5 elephants (Lair:4)
  5 toenail golems (Volcano)
  A guardian serpent (Lair:6)
  A merfolk siren (Lair:2)
  4 black mambas
  Psyche (D:8)
  10 spiny frogs
  2 rime drakes (Lair:5)
  5 komodo dragons
  An ancient zyme (Abyss:2)
  A hellwing (Abyss:2)
  A polar bear (Lair:3)
  2 hornets (Lair:6)
  A raiju (Abyss:2)
  5 blink frogs (Lair:3)
  Prince Ribbit (D:9)
  Grinder (D:5)
  5 hippogriffs
  Sigmund (D:2)
  6 wyverns (Lair:6)
  A ynoxinul (Abyss:2)
  2 redbacks (Lair:6)
  16 yaks
  3 basilisks
  2 hungry ghosts
  4 large abominations (Abyss:2)
  A neqoxec (Abyss:2)
  18 soldier ants (Lair:4)
  An acid dragon (Lair:6)
  11 water moccasins
  2 hell hounds (D:9)
  10 porcupines
  2 ice beasts
  A swamp drake (Lair:6)
  An orc warrior (D:8)
  A sky beast (D:9)
  4 slaves (D:8)
  A necrophage (D:5)
  6 ogres
  5 wolves
  2 centaurs
  2 phantoms
  4 crocodiles
  A big kobold (D:9)
  3 elf zombies (Ossuary)
  5 bullfrogs
  4 scorpions
  12 killer bees
  7 electric eels
  8 wights
  3 howler monkeys
  3 crimson imps
  A centaur zombie (D:7)
  A jelly (D:6)
  5 hounds
  4 orc wizards
  A centaur skeleton (D:3)
  A human zombie (Ossuary)
  3 orc priests
  An iron imp (Abyss:2)
  2 iguanas
  Natasha (thrice) (D:3)
  19 worker ants
  A big kobold zombie (Ossuary)
  3 mummies
  A hound skeleton (D:4)
  A howler monkey skeleton (D:9)
  13 adders
  4 shadow imps
  3 oozes
  A worm (D:2)
  2 dart slugs
  8 leopard geckos
  31 orcs
  4 ball pythons
  3 giant cockroaches
  9 goblins
  4 hobgoblins
  4 jackals (D:6)
  10 kobolds
  2 quokkas
  A ball python skeleton (D:4)
  5 bats
  5 frilled lizards
  3 goblin zombies (Ossuary)
  9 hobgoblin zombies (Ossuary)
  A jackal zombie (Ossuary)
  7 kobold zombies (Ossuary)
  2 leopard gecko skeletons (D:6)
  9 orc zombies (Ossuary)
  A quokka skeleton (D:6)
  9 rats
  2 rat zombies (Ossuary)
  3 plants
426 creatures vanquished.

Vanquished Creatures (collateral kills)
  A polar bear (Lair:6)
  2 wraiths (Lair:6)
  A wolf (Lair:6)
4 creatures vanquished.

Vanquished Creatures (others)
  An ogre (D:6)
  A crocodile (Lair:6)
  An iguana (D:6)
  A worker ant (D:6)
  4 orcs (D:6)
  2 quokkas (D:6)
  4 fungi (Lair:6)
  6 plants
20 creatures vanquished.

Grand Total: 450 creatures vanquished

Notes
Turn   | Place    | Note
-------+----------+-------------------------------------------
     0 | D:1      | Morrissey the Minotaur Fighter began the quest for the Orb.
     0 | D:1      | Reached XP level 1. HP: 19/19 MP: 0/0
   516 | D:2      | Reached XP level 2. HP: 27/27 MP: 1/1
   546 | D:2      | Reached skill level 3 in Axes
   603 | D:2      | Noticed Sigmund
   617 | D:2      | Killed Sigmund
   617 | D:2      | Reached skill level 5 in Axes
   617 | D:2      | Reached XP level 3. HP: 20/35 MP: 2/2
   617 | D:2      | Reached XP level 4. HP: 24/41 MP: 3/3
   617 | D:2      | Reached XP level 5. HP: 27/47 MP: 4/4
  1255 | D:2      | Reached skill level 5 in Armour
  1288 | D:2      | Reached skill level 5 in Fighting
  1458 | D:3      | Reached XP level 6. HP: 51/56 MP: 5/5
  1642 | D:3      | Noticed Natasha
  1651 | D:3      | Killed Natasha
  1651 | D:3      | Reached skill level 6 in Axes
  1814 | D:3      | Noticed Natasha
  2007 | D:3      | Killed Natasha
  2178 | D:3      | Noticed Natasha
  2186 | D:3      | Killed Natasha
  2203 | D:4      | Reached XP level 7. HP: 59/61 MP: 6/6
  2432 | D:4      | Reached skill level 7 in Axes
  2562 | D:4      | Found Orphees's Distillery.
  2567 | D:4      | Bought a potion of curing for 30 gold pieces
  2567 | D:4      | Bought a potion of heal wounds for 50 gold pieces
  2567 | D:4      | Bought a potion of haste for 100 gold pieces
  2567 | D:4      | Bought a potion of berserk rage for 50 gold pieces
  2672 | D:4      | Found a staircase to the Ecumenical Temple.
  2843 | D:5      | Entered Level 5 of the Dungeon
  2976 | D:5      | Noticed Grinder
  2998 | D:5      | Killed Grinder
  2998 | D:5      | Reached skill level 8 in Axes
  3256 | D:5      | Reached XP level 8. HP: 54/69 MP: 7/7
  3549 | D:5      | Reached skill level 9 in Axes
  3662 | Temple   | Entered the Ecumenical Temple
  3830 | Temple   | Became a worshipper of Trog the Wrathful
  4322 | D:6      | Found a shimmering altar of Xom.
  4710 | D:6      | Reached * piety under Trog
  4795 | D:6      | Reached skill level 10 in Axes
  4982 | D:7      | Noticed a hippogriff
  4989 | D:7      | Killed a hippogriff
  5025 | D:7      | Noticed a hippogriff
  5033 | D:7      | Killed a hippogriff
  5033 | D:7      | Reached XP level 9. HP: 70/79 MP: 8/8
  5276 | D:7      | Found Kuxt's Book Boutique.
  5380 | D:7      | Reached skill level 11 in Axes
  5689 | D:8      | Noticed Pikel
  5699 | D:8      | Killed Pikel
  5699 | D:8      | Reached skill level 12 in Axes
  5746 | D:8      | Found a sand-covered staircase.
  5754 | Ossuary  | Entered an ossuary
  5797 | Ossuary  | Reached ** piety under Trog
  5850 | Ossuary  | Reached XP level 10. HP: 86/89 MP: 9/9
  5960 | D:8      | Noticed Psyche
  5967 | D:8      | Killed Psyche
  6339 | D:8      | Reached *** piety under Trog
  6456 | D:9      | Reached skill level 13 in Axes
  6457 | D:9      | Reached skill level 10 in Armour
  6458 | D:9      | Reached skill level 10 in Fighting
  6583 | D:9      | Noticed Prince Ribbit
  6589 | D:9      | Killed Prince Ribbit
  6731 | D:9      | Reached **** piety under Trog
  6763 | D:9      | Found a staircase to the Lair.
  7097 | D:9      | Reached skill level 14 in Axes
  7464 | Lair:1   | Entered Level 1 of the Lair of Beasts
  7494 | Lair:1   | Found a dark tunnel.
  7505 | Volcano  | Entered a volcano
  7507 | Volcano  | Noticed a toenail golem
  7507 | Volcano  | Noticed a wizard
  7507 | Volcano  | Noticed a toenail golem
  7515 | Volcano  | Killed a toenail golem
  7515 | Volcano  | Reached XP level 11. HP: 80/99 MP: 10/10
  7517 | Volcano  | Killed a wizard
  7545 | Volcano  | Noticed a wizard
  7562 | Volcano  | Killed a wizard
  7594 | Volcano  | Noticed a wizard
  7601 | Volcano  | Killed a wizard
  7629 | Volcano  | Noticed a wizard
  7630 | Volcano  | Noticed a wizard
  7639 | Volcano  | Killed a wizard
  7639 | Volcano  | Cast into level 2 of the Abyss (a wizard)
  7686 | Abyss:2  | Noticed a lich
  7759 | Abyss:2  | Noticed a starcursed mass
  7763 | Abyss:2  | Killed a starcursed mass
  7763 | Abyss:2  | Killed a starcursed mass
  7763 | Abyss:2  | Reached skill level 15 in Axes
  7952 | Abyss:2  | Noticed a large abomination
  7970 | Abyss:2  | Killed a large abomination
  8018 | Abyss:2  | Noticed a starcursed mass
  8021 | Abyss:2  | Noticed a sixfirhy
  8178 | Abyss:2  | Noticed a bone dragon
  8178 | Abyss:2  | Noticed a wretched star
  8198 | Volcano  | Escaped the Abyss
  8213 | Volcano  | Killed a wizard
  8366 | Volcano  | Noticed a mace of flaming
  8380 | Volcano  | Killed a mace of flaming
  8569 | Lair:1   | Noticed an oklob plant
  8683 | Lair:1   | Noticed Erica
  8687 | Lair:1   | Killed Erica
  8687 | Lair:1   | Reached skill level 16 in Axes
  8687 | Lair:1   | Reached XP level 12. HP: 109/110 MP: 11/11
  9399 | Lair:2   | Found a staircase to the Shoals.
 10252 | Lair:3   | Found a hole to the Spider Nest.
 10253 | Lair:3   | Noticed a six-headed hydra
 10254 | Lair:3   | Noticed a death yak
 10255 | Lair:3   | Noticed a death yak
 10256 | Lair:3   | Noticed a death yak
 10268 | Lair:3   | Killed a seven-headed hydra
 10282 | Lair:3   | Killed a death yak
 10444 | Lair:3   | Killed a death yak
 10446 | Lair:3   | Killed a death yak
 10446 | Lair:3   | Reached skill level 17 in Axes
 11472 | Lair:4   | Noticed an entropy weaver
 11472 | Lair:4   | Noticed a queen ant
 11483 | Lair:4   | Killed a queen ant
 11486 | Lair:4   | Noticed an entropy weaver
 11489 | Lair:4   | Reached XP level 13. HP: 120/120 MP: 12/12
 11496 | Lair:4   | Killed an entropy weaver
 11497 | Lair:4   | Reached ***** piety under Trog
 11506 | Lair:4   | Killed an entropy weaver
 11513 | Lair:4   | HP: 8/180 [komodo dragon (3)]
 11519 | Lair:4   | HP: 3/120 [poisoned by a worker ant]
 11524 | Lair:4   | HP: 6/120 [poisoned by a worker ant]
 11728 | Lair:4   | Reached skill level 18 in Axes
 12959 | Lair:5   | Found a viscous altar of Jiyva.
 12959 | Lair:5   | Found a staircase to the Slime Pits.
 13237 | Lair:6   | Entered Level 6 of the Lair of Beasts
 13753 | Lair:6   | Noticed Josephine
 13768 | Lair:6   | Killed Josephine
 13768 | Lair:6   | Received a gift from Trog
 13780 | Lair:6   | Slain by a spiny frog

Skill      XL: |  1  2  3  4  5  6  7  8  9 10 11 12 13 |
---------------+----------------------------------------+-----
Axes           | 5 6 8 10 12 14 16 17 18 | 18.9
Fighting       | 4 5 6 7 9 10 12 13 14 | 14.1
Armour         | 4 5 6 8 9 10 12 13 14 | 14.5
Shields        | |  3.6

Action                   |  1- 3 |  4- 6 |  7- 9 | 10-12 | 13-15 || total
-------------------------+-------+-------+-------+-------+-------++-------
Melee: War axe           |    30 |   136 |    33 |       |       ||   199
       Headbutt          |     7 |    19 |    50 |    94 |    58 ||   228
       Broad axe         |       |       |    84 |       |       ||    84
       Battleaxe         |       |       |   199 |   420 |   232 ||   851
Invok: Burn Spellbooks   |       |       |     2 |     1 |       ||     3
       Trog's Hand       |       |       |       |     3 |     2 ||     5
       Berserk           |       |       |       |     3 |       ||     3
       Brothers in Arms  |       |       |       |     1 |     2 ||     3
Evoke: Wand              |       |       |       |     3 |       ||     3
  Use: Scroll            |       |     1 |       |    15 |     5 ||    21
       Potion            |       |       |       |       |     1 ||     1
  Eat: Chunk             |       |     4 |    12 |    20 |     8 ||    44
       Meat ration       |       |       |       |     1 |       ||     1
Armor: Scale mail        |     7 |       |       |       |       ||     7
       Chain mail        |     7 |    97 |    50 |       |       ||   154
       Plate armour      |       |       |   153 |   271 |   214 ||   638
Dodge: Dodged            |    12 |    62 |    96 |   131 |    84 ||   385
